 Seeded DCSS version 0.29.1-1-gd02db6906a (webtiles) character file.

Game seed: 9708579739092153053 (custom seed)

3777 GigaChad the Nimble (level 9, -18/90 HPs)
             Began as a Minotaur Fighter on Sept 16, 2022.
             Was a Believer of Trog.
             Demolished by Erolcha
             ... wielding a +0 giant club
              (20 damage)
             ... on level 9 of the Dungeon on Sept 19, 2022.
             The game lasted 00:21:04 (8948 turns).

GigaChad the Nimble (Minotaur Fighter)              Turns: 8948, Time: 00:21:04

Health: -18/90     AC: 18    Str: 25    XL:     9   Next: 95%
Magic:  2/2        EV: 13    Int:  5    God:    Trog [**....]
Gold:   372        SH:  0    Dex: 16    Spells: 8/8 levels left

rFire   . . .      SeeInvis .   C - +1 quarterstaff (antimagic)
rCold   . . .      Faith    .   (shield currently unavailable)
rNeg    . . .      Spirit   .   i - +0 plate armour
rPois   .          Reflect  .   (helmet restricted)
rElec   .          Harm     .   (no cloak)
rCorr   .          Rampage  ∞   (no gloves)
Will    +....                   m - +3 pair of seven-league boots {Rampage+∞}
Stlth   ..........              (no amulet)
HPRegen 0.25/turn               l - ring of willpower
MPRegen 0.08/turn               F - +6 ring of dexterity

@: studying Dodging
A: horns 2, retaliatory headbutt
a: Renounce Religion, Berserk, Trog's Hand


You were on level 9 of the Dungeon.
You worshipped Trog.
Trog was pleased with you.
You visited 2 branches of the dungeon, and saw 10 of its levels.

You collected 372 gold pieces.

Inventory:

Hand Weapons
 a - a +0 long sword
 h - the +7 mace of the Maze {spect, rPois Will+ Str+2}
   (You found it on level 2 of the Dungeon)

   When its wielder attacks, the weapon's spirit leaps out and strikes again.
   The spirit shares a part of any damage it takes with its wielder.
   Str:       It affects your strength (+2).
   rPois:     It protects you from poison.
   Will:      It increases your willpower.
 C - a +1 antimagic quarterstaff (weapon)
 G - a +2 vorpal shortbow
 I - the +6 mace of Beid {holy, rPois MP-9 Dex+2}
   (You found it on level 8 of the Dungeon)

   It has been blessed by the Shining One to cause great damage to the undead
   and demons.
   Dex:       It affects your dexterity (+2).
   rPois:     It protects you from poison.
   MP:        It affects your magic capacity (-9).
Armour
 b - a +0 scale mail
 c - a +0 buckler
 i - a +0 plate armour (worn)
 m - the +3 pair of seven-league boots (worn) {Rampage+∞}
   (You acquired it on level 3 of the Dungeon)

   Its wearer moves as far as possible in that direction when moving towards
   enemies.
 E - a +2 buckler
Jewellery
 e - a ring of protection from cold
 l - a ring of willpower (left hand)
 x - a ring of resist corrosion
 F - a +6 ring of dexterity (right hand)
 K - a ring of see invisible
Wands
 f - a wand of roots (2)
 p - a wand of flame (4)
 J - a wand of charming (10)
 M - a wand of acid (6)
Scrolls
 g - 3 scrolls of noise {unknown}
 j - 8 scrolls of identify
 n - a scroll of fear {unknown}
 t - 3 scrolls of magic mapping
 u - 2 scrolls of immolation
 y - a scroll of amnesia {unknown}
 A - a scroll of poison {unknown}
 N - a scroll of vulnerability {unknown}
 O - a scroll of blinking
Potions
 d - a potion of might
 k - a potion of brilliance {unknown}
 o - 3 potions of haste {unknown}
 q - a potion of degeneration {unknown}
 r - a potion of resistance {unknown}
 s - 2 potions of flight {unknown}
 v - a potion of heal wounds {unknown}
 w - 2 potions of attraction {unknown}
 z - a potion of magic {unknown}
 B - 4 potions of lignification {unknown}
 D - a potion of cancellation {unknown}
 H - a potion of curing {unknown}
 L - a potion of ambrosia {unknown}


   Skills:
 + Level 11.6 Fighting
 - Level 3.0 Long Blades
 - Level 0.3 Maces & Flails
 - Level 8.1 Armour
 - Level 13.2 Dodging
 - Level 4.2 Shields


You had 8 spell levels left.
You didn't know any spells.
Your spell library contained the following spells:

 Spells                   Type           Power      Damage    Failure   Level
 Necrotise                Necr           0%         1d4       99%         1
 Vampiric Draining        Necr           0%         2d6       100%        3
 Agony                    Necr           0%         N/A       100%        5


Dungeon Overview and Level Annotations

Branches:
Dungeon (9/15)             Temple (1/1) D:6
   Lair: D:8-11         Orc: D:9-12

Altars:
Ashenzari
Cheibriados
Dithmenos
Elyvilon
Fedhas
Gozag
Hepliaklqana
Kikubaaqudgha
Makhleb
Nemelex Xobeh
Okawaru
Qazlal
Ru
Sif Muna
Trog
Uskayaw
Vehumet
Wu Jian
Xom
Yredelemnul
Zin
The Shining One

Annotations:
D:5 3 runed translucent doors, Snagg's ghost, novice HOFi
D:9 Erolcha


Innate Abilities, Weirdness & Mutations

You have a pair of horns on your head.
You reflexively headbutt those who attack you in melee.


Message History

There is a stone staircase leading down here.
You open the door.
There is an open door here.
You now have 358 gold pieces (gained 6).
You now have 372 gold pieces (gained 14).
You open the door.
There is an open door here.
There is an open door here.
You open the door.
There is an open door here.
You see here a +0 plate armour.
Things that are here:
a +2 short sword of draining; 3 stones
There is an open door here.
You see here a +0 falchion.
There is an open door here.
You open the door.
There is an open door here.
Erolcha the Cunning comes into view.
She is wielding a +0 giant club.
Erolcha shouts!
Erolcha gestures wildly while chanting.
Erolcha flickers and vanishes!
Deactivating autopickup; reactivate with Ctrl-A.
There is an open door here.
Something hits you!!
You hit something. You headbutt something! Something barely misses you.
You barely miss something. Something hits you!
You barely miss something. Your headbutt misses something. Something hits you!
You closely miss something. You completely miss something. Something hits you!
* * * LOW HITPOINT WARNING * * *
You barely miss something. Something hits you.
* * * LOW HITPOINT WARNING * * *
You sock something! Something hits you!
* * * LOW HITPOINT WARNING * * *
You hit something. Something barely misses you.
You barely miss something. Something hits you!
* * * LOW HITPOINT WARNING * * *
You barely miss something. You headbutt something. Something hits you!!
You die...

.. .## ..# #####.###
#.......# #....<..#
#.......# ####.......#
#..{@......#
#.##.......#
♣......##.......#
...{.#####.......#
...# ##+##.###
###################.#
#...#.............#.#
#.###.............#.#
##.###.............#.#


There were no monsters in sight!

Vanquished Creatures
  Joseph (D:8)
  Prince Ribbit (D:7)
  Grinder (D:6)
  Eustachio (D:6)
  A steam dragon (D:7)
  A swamp worm (D:7)
  An acid dragon (D:9)
  2 water moccasins
  A sky beast (D:7)
  2 black bears (D:6)
  An orc warrior (D:7)
  3 centaurs (D:8)
  A phantom (D:6)
  2 kobold brigands
  3 bullfrogs
  2 necrophages
  4 scorpions
  3 howler monkeys (D:9)
  A crimson imp (D:8)
  A gnoll bouda (D:9)
  A hound (D:5)
  2 jellies
  4 orc priests
  4 iguanas
  11 orc wizards
  Robin (D:4)
  10 adders
  4 gnolls (D:9)
  A white imp (D:8)
  An ufetubus (D:5)
  3 worms
  2 dart slugs
  23 orcs
  4 ball pythons
  3 bats
  3 endoplasms
  4 giant cockroaches
  17 goblins
  7 hobgoblins
  8 jackals
  2 frilled lizards
  8 kobolds
  A rat (D:1)
157 creatures vanquished.

Vanquished Creatures (others)
  2 orcs (D:7)
  3 plants (D:7)
5 creatures vanquished.

Grand Total: 162 creatures vanquished

Notes
Turn   | Place    | Note
-------+----------+-------------------------------------------
     0 | D:1      | GigaChad the Minotaur Fighter began the quest for the Orb.
     0 | D:1      | Reached XP level 1. HP: 19/19 MP: 0/0
   336 | D:1      | Found a faded altar of an unknown god.
   347 | D:1      | Reached XP level 2. HP: 24/27 MP: 1/1
   582 | D:2      | Identified the +7 mace of the Maze {spect, rPois Will+
                  | Str+2}
   968 | D:2      | Reached XP level 3. HP: 22/33 MP: 2/2
  1450 | D:3      | Identified 3 scrolls of acquirement
  1450 | D:3      | Acquired a manual of Dodging
  1452 | D:3      | Acquired the +3 pair of seven-league boots {Rampage+∞}
  1452 | D:3      | Found the +3 pair of seven-league boots {Rampage+∞}
  1459 | D:3      | Acquired a ring of willpower
  1519 | D:3      | Reached XP level 4. HP: 39/41 MP: 3/3
  1553 | D:3      | Reached skill level 5 in Fighting
  2470 | D:4      | Reached XP level 5. HP: 49/50 MP: 4/4
  2526 | D:4      | Identified the +1 robe of Dogmatism {rPois Int+2 Dex+4
                  | Slay-2}
  2751 | D:4      | Noticed Robin
  2761 | D:4      | Killed Robin
  2923 | D:4      | Reached XP level 6. HP: 47/60 MP: 5/5
  3123 | D:5      | Entered Level 5 of the Dungeon
  3123 | D:5      | Noticed Snagg's ghost (novice HOFi)
  3123 | D:5      | Found a runed translucent gate.
  3123 | D:5      | Found a runed translucent gate.
  3123 | D:5      | Found a runed translucent gate.
  3129 | D:5      | Reached skill level 1 in Dodging
  3194 | D:5      | Reached skill level 2 in Dodging
  3218 | D:5      | Reached skill level 4 in Dodging
  3231 | D:5      | Reached skill level 5 in Dodging
  3237 | D:5      | Reached skill level 6 in Dodging
  3237 | D:5      | Reached XP level 7. HP: 66/66 MP: 6/6
  3286 | D:5      | Reached skill level 7 in Dodging
  3488 | D:6      | Reached skill level 8 in Dodging
  3537 | D:6      | Found a staircase to the Ecumenical Temple.
  3560 | Temple   | Entered the Ecumenical Temple
  3571 | Temple   | Became a worshipper of Trog the Wrathful
  3733 | D:6      | Noticed Eustachio
  3745 | D:6      | Killed Eustachio
  3746 | D:6      | Reached skill level 9 in Dodging
  3795 | D:6      | Found a large runed translucent door.
  3796 | D:6      | Found a large runed translucent door.
  3805 | D:6      | Noticed Grinder
  3810 | D:6      | Killed Grinder
  3811 | D:6      | Reached skill level 11 in Dodging
  3811 | D:6      | Reached XP level 8. HP: 71/73 MP: 7/7
  3814 | D:6      | Found a basalt altar of Yredelemnul.
  3830 | D:6      | Found a radiant altar of Vehumet.
  3925 | D:6      | Reached skill level 12 in Dodging
  4131 | D:7      | Reached skill level 13 in Dodging
  4596 | D:7      | Reached skill level 5 in Armour
  4686 | D:7      | Noticed Prince Ribbit
  4691 | D:7      | Killed Prince Ribbit
  4714 | D:7      | Reached XP level 9. HP: 17/79 MP: 8/8
  5109 | D:7      | Reached * piety under Trog
  6050 | D:8      | Noticed Joseph
  6059 | D:8      | HP: 1/81 [Joseph/sling bullet (4)]
  6341 | D:8      | Killed Joseph
  6342 | D:8      | Reached skill level 10 in Fighting
  6758 | D:8      | Found a stormy altar of Qazlal.
  7570 | D:8      | Identified the +6 mace of Beid {holy, rPois MP-9 Dex+2}
  7909 | D:9      | Found an ornate altar of the Wu Jian Council.
  8004 | D:9      | Reached ** piety under Trog
  8626 | D:9      | Found a sacrificial altar of Ru.
  8701 | D:9      | Found a hide-covered altar of Uskayaw.
  8758 | D:9      | Found a snail-covered altar of Cheibriados.
  8928 | D:9      | Noticed Erolcha
  8947 | D:9      | HP: 2/90 [something (17)]
  8948 | D:9      | Demolished by Erolcha

Illustrated notes

Levels and vault maps discovered:
D:1:      matt_arrival_spirals, layout_loops_ring,
          chequers_ecumenical_altar_island, chequers_serial_rivers_room_b,
          minmay_misc_feat_nine_boxes
D:2:      layout_basic, chequers_serial_rivers_small_3
D:3:      layout_loops_ring
D:4:      layout_loops_corners, kennysheep_generic_room_5, uniq_robin
D:5:      kennysheep_kobold_camp, layout_cave_pools,
          gammafunk_ghost_nasty_kobolds, nicolae_fountain_basement
D:6:      minmay_evil_eye, layout_loops_ring, jmf_multi_god_temple2,
          temple_statues, gup_sewer_entry_bubbles, uniq_grinder, uniq_eustachio
D:7:      layout_loops_ring, worms_lemuel, uniq_prince_ribbit1
D:8:      layout_layer_cave, mainiacjoe_overflow_tiny_flanked, minivault_22,
          minmay_fire_ice_demons, uniq_joseph
D:9:      layout_roguey, lemuel_coloured_pillars_altar,
          mainiacjoe_overflow_alcove_2, nicolae_ru_the_path_less_chosen,
          chei_slow_surprise, serial_bayou_pond_b, kennysheep_path_1,
          lemuel_flamethrower_2, uniq_erolcha
Temple:   hellmonk_temple_two_chambers

Skill      XL: |  1  2  3  4  5  6  7  8  9 |
---------------+----------------------------+-----
Armour         | 4 7 8 |  8.1
Shields        | 4 |  4.2
Long Blades    | 3 |  3.0
Fighting       | 4 5 7 11 | 11.6
Dodging        | 6 11 13 | 13.2
Maces & Flails | |  0.3

Action                   |  1- 3 |  4- 6 |  7- 9 || total
-------------------------+-------+-------+-------++-------
Melee: Long sword        |    34 |       |       ||    34
       Mace              |    34 |    65 |   123 ||   222
       Headbutt          |     3 |    10 |    35 ||    48
       Quarterstaff      |       |       |    91 ||    91
  Use: Scroll            |     3 |     2 |     7 ||    12
 Stab: Distracted        |       |     1 |     1 ||     2
Armor: Scale mail        |    36 |       |       ||    36
       Plate armour      |    30 |    53 |   159 ||   242
Dodge: Dodged            |    54 |    19 |   132 ||   205
Block: Buckler           |    14 |    15 |    33 ||    62
